Map: Tropic Shores

Players

Loken - Winner!

  • Race: Zerg Zerg
  • League: Platinum
  • Spawn Location: 6:00

Fimp

  • Race: Terran Terran
  • Spawn Location: 12:00

Pelden

  • Race: Zerg Zerg
  • Spawn Location: 0:00

Myran - Winner!

  • Race: Protoss Protoss
  • Spawn Location: 5:00

VOD

Have the link to the VOD?

Description

Time

  • Played on: April 7, 2017, 3:35 p.m.
  • Length: 14:27
Show
View Real Time Build Order
Export as new Build Order

Loken Zerg - Winner!

Build Orders: Hatch First 

Get SALT Encoding   

  12  0:01  Drone  
  13  0:09  Drone  
  14  0:18  Overlord  
  14  0:37  Drone x3  
  17  0:52  Drone  
  18  1:00  Hatchery  
  18  1:04  Drone  
  18  1:15  Spawning Pool  
  18  1:17  Drone  
  18  1:24  Drone  
  19  1:33  Drone  
  19  1:37  Extractor  
  19  1:44  Drone  
  20  1:53  Extractor  
  19  1:57  Drone  
  19  2:01  Queen  
  22  2:22  Queen  
  22  2:25  Drone  
  22  2:26  Drone x3  
  22  2:28  Overlord  
  28  2:51  Extractor  
  27  2:52  Queen, Extractor  
  28  3:07  Drone  
  28  3:08  Drone x5  
  34  3:12  Queen  
  36  3:29  Lair  
  36  3:42  Overlord x3  
  36  3:45  Overlord  
  36  3:46  Overlord  
  36  4:11  Drone x7  
  43  4:39  Drone  
  43  4:40  Drone x7  
  51  4:59  Hatchery  
  50  5:00  Spire  
  49  5:17  Drone x4  
  49  5:18  Drone x2  
  55  5:30  Metabolic Boost  
  55  5:41  Overlord x5  
  55  5:59  Hatchery  
  55  6:02  Spore Crawler  
  53  6:51  Mutalisk x7  
  53  6:52  Mutalisk x13  
  93  7:03  Mutalisk  
  93  7:04  Mutalisk x2  
  99  7:22  Extractor  
  98  7:26  Extractor  
  97  7:30  Overlord  
  97  7:31  Overlord x4  
  97  8:03  Zerg Flyer Weapons Level 1  
  97  8:04  Mutalisk x2  
  97  8:05  Mutalisk x4  
  105  8:12  Drone  
  106  8:13  Drone x13  
  119  8:53  Hydralisk Den  
  118  8:55  Drone  
  118  8:56  Drone x12  
  118  9:00  Drone x3  
  134  9:13  Spore Crawler  
  134  9:14  Spore Crawler x2  
  131  9:17  Spore Crawler  
  131  9:21  Spore Crawler x2  
  131  9:22  Drone, Spore Crawler  
  131  9:23  Drone x4  
  132  9:25  Drone x5  
  132  9:26  Drone x3  
  132  9:27  Drone  
  141  9:43  Infestation Pit  
  140  9:49  Muscular Augments  
  140  9:57  Zerg Flyer Armor Level 1  
  140  10:00  Hatchery  
  140  10:01  Spore Crawler  
  140  10:02  Spore Crawler  
  140  10:03  Spore Crawler  
  140  10:05  Spore Crawler  
  135  10:07  Spore Crawler  
  134  10:23  Hive  
  134  10:35  Mutalisk x8  
  136  10:36  Mutalisk x5  
  136  10:40  Overlord x6  
  148  11:28  Queen  
  148  11:29  Queen  
  148  11:31  Mutalisk  
  148  11:32  Mutalisk x11  
  156  11:33  Mutalisk  
  178  11:51  Zerg Flyer Weapons Level 2  
  129  12:29  Mutalisk  
  121  12:30  Mutalisk x7  
  135  12:50  Zergling x2  
  137  12:51  Zergling x14  
  137  12:52  Zergling x38  
  137  12:53  Zergling x14  
  167  13:37  Mutalisk  
  167  13:38  Mutalisk x10  
  142  14:00  Zergling x2  
  142  14:01  Zergling x14  
Show
View Real Time Build Order
Export as new Build Order

Fimp Terran 

Build Orders: Reaper Expand 

Get SALT Encoding   

  12  0:01  SCV  
  13  0:17  Supply Depot  
  13  0:18  SCV  
  14  0:30  SCV  
  15  0:41  Refinery  
  15  0:45  Barracks  
  15  0:48  SCV  
  17  1:04  SCV  
  17  1:25  Command Center  
  17  1:32  Reaper  
  18  1:41  Orbital Command  
  18  2:03  Factory  
  18  2:09  Marine  
  18  2:11  SCV  
  20  2:36  SCV  
  21  2:39  Marine  
  22  2:45  Refinery  
  22  2:48  Orbital Command  
  22  3:00  SCV  
  22  3:01  Factory  
  23  3:10  Barracks Reactor  
  23  3:13  Supply Depot  
  23  3:14  SCV x2  
  25  3:20  Refinery  
  25  3:25  Hellion  
  25  3:26  SCV x2  
  30  3:41  SCV x2  
  30  3:44  Supply Depot  
  31  4:01  Factory Tech Lab  
  31  4:02  Barracks Tech Lab  
  31  4:05  SCV x2  
  31  4:06  Starport  
  33  4:28  SCV x2  
  35  4:32  Hellion  
  35  4:33  Hellion  
  35  4:36  Siege Tank  
  42  4:49  Infernal Pre-Igniter  
  42  4:51  SCV x2  
  44  4:53  Barracks Reactor  
  44  4:57  Command Center  
  44  5:01  Hellion x2  
  48  5:13  SCV x2, Refinery  
  50  5:25  SCV x2  
  52  5:35  Marine x2  
  54  5:47  Supply Depot, Engineering Bay  
  54  5:48  Supply Depot  
  54  6:03  Liberator  
  54  6:08  SCV x2, Siege Tank  
  54  6:09  Hellion x2  
  63  6:17  Marine x2  
  65  6:21  SCV x2  
  66  6:37  Marine x2  
  66  6:39  Hellion x2  
  72  6:45  SCV x2  
  74  6:58  Liberator  
  74  6:59  Marine x2  
  74  7:00  Siege Tank  
  79  7:03  Hellion x2  
  83  7:11  SCV, Supply Depot  
  83  7:12  SCV, Supply Depot  
  88  7:30  Marine x2  
  88  7:32  Hellion  
  88  7:33  Hellion  
  88  7:35  Supply Depot, Siege Tank  
  97  7:37  Supply Depot  
  97  7:46  SCV x2  
  96  8:05  Missile Turret  
  96  8:06  Missile Turret  
  96  8:09  Missile Turret  
  96  8:11  Missile Turret  
  96  8:13  Missile Turret  
  96  8:15  Missile Turret  
  96  8:17  Missile Turret  
  96  8:19  Missile Turret  
  96  8:21  Missile Turret  
  96  8:24  Missile Turret  
  96  8:26  Missile Turret  
  96  8:29  Missile Turret  
  96  8:30  Missile Turret  
  96  8:32  Planetary Fortress  
  96  8:35  Missile Turret  
  96  8:36  Marine x2  
  98  8:42  Armory  
  98  8:46  SCV x2  
  99  8:50  Missile Turret  
  99  9:04  SCV x2  
  101  9:16  SCV x2  
  103  9:18  Refinery  
  103  9:21  Refinery  
  103  9:23  Marine x2  
  105  9:25  Hellion x2  
  105  9:31  Raven  
  111  9:36  Corvid Reactor  
  111  9:45  Starport  
  111  9:46  Starport  
  111  9:55  SCV x3  
  114  10:05  Supply Depot  
  114  10:07  Supply Depot  
  114  10:10  Supply Depot  
  114  10:24  Starport Tech Lab x2  
  114  10:28  Raven, Supply Depot  
  114  10:29  Supply Depot  
  114  10:33  Supply Depot  
  116  10:35  Thor  
  122  10:59  Medivac x2  
  126  11:11  Raven  
  128  11:23  Thor  
  134  11:27  Hellbat x2  
  134  11:29  Medivac x2  
  142  11:37  Terran Vehicle And Ship Armor Level 1  
  142  11:54  Raven  
  142  11:59  Raven x2  
  144  13:03  Liberator  
  133  13:14  Marine  
  133  13:15  Marine  
  133  13:16  Thor  
  150  13:32  Marine  
  150  13:33  Marine  
  121  13:54  Marine x2  
Show
View Real Time Build Order
Export as new Build Order

Pelden Zerg 

Build Orders: Hatch First 

Get SALT Encoding   

  12  0:01  Drone  
  13  0:12  Overlord  
  13  0:20  Drone  
  14  0:31  Drone  
  14  0:32  Drone  
  16  0:54  Hatchery, Drone  
  16  0:58  Drone  
  16  1:02  Drone  
  18  1:18  Spawning Pool  
  18  1:20  Drone  
  18  1:25  Drone  
  19  1:32  Extractor  
  18  1:33  Drone  
  19  1:46  Drone  
  20  1:53  Overlord  
  20  2:05  Drone  
  21  2:08  Queen  
  21  2:10  Queen  
  21  2:11  Drone  
  21  2:13  Drone  
  27  2:20  Zergling x2  
  28  2:25  Zergling x2  
  28  2:28  Zergling x2  
  30  2:32  Drone  
  30  2:33  Extractor  
  30  2:45  Spore Crawler  
  30  2:48  Drone  
  30  2:50  Drone  
  31  2:53  Drone  
  32  3:03  Drone  
  33  3:07  Drone  
  33  3:10  Drone x2  
  36  3:17  Lair  
  36  3:18  Overlord  
  36  3:19  Overlord  
  36  3:27  Overlord  
  36  3:28  Roach Warren  
  36  3:29  Drone  
  36  3:36  Overlord  
  34  3:54  Zergling x2  
  34  3:55  Zergling x2  
  36  3:56  Metabolic Boost, Zergling x2  
  37  4:05  Drone x2  
  37  4:06  Drone  
  37  4:08  Extractor  
  39  4:10  Extractor  
  39  4:13  Spine Crawler, Drone x3  
  40  4:17  Drone x3  
  42  4:34  Drone x4  
  42  4:36  Overlord  
  46  4:43  Spire  
  45  5:08  Hatchery  
  44  5:22  Drone x2  
  44  5:24  Drone  
  47  5:43  Drone  
  47  5:44  Drone x3  
  51  5:52  Drone  
  51  5:53  Drone x2  
  51  5:54  Overlord x2  
  51  5:56  Drone  
  55  5:58  Extractor  
  54  6:07  Mutalisk x2  
  58  6:22  Drone  
  58  6:23  Queen  
  58  6:24  Overlord  
  61  6:25  Mutalisk  
  61  6:26  Mutalisk  
  61  6:28  Mutalisk  
  65  6:40  Mutalisk x3  
  65  6:41  Mutalisk x4  
  78  6:47  Drone  
  78  6:49  Extractor  
  78  6:53  Mutalisk x3  
  84  6:59  Drone  
  86  7:01  Drone  
  86  7:20  Mutalisk x5  
  96  7:26  Spore Crawler  
  95  7:33  Infestation Pit  
  94  7:42  Zerg Flyer Weapons Level 1  
  94  7:45  Drone  
  94  7:46  Drone x3  
  94  7:47  Drone  
  99  8:02  Mutalisk  
  99  8:03  Mutalisk x2  
  105  8:18  Overlord  
  105  8:19  Overlord x3  
  106  8:20  Zergling x2  
  106  8:27  Spore Crawler  
  105  8:37  Drone x3  
  108  8:49  Mutalisk  
  108  8:50  Mutalisk x7  
  124  9:05  Hatchery  
  123  9:16  Mutalisk x6  
  133  9:20  Overlord  
  133  9:21  Overlord x4  
  135  9:46  Drone x2  
  135  9:50  Drone  
  135  9:51  Spine Crawler  
  135  9:52  Drone x3, Extractor  
  139  9:57  Extractor  
  138  10:07  Mutalisk x6  
  138  10:08  Mutalisk x3  
  156  10:23  Corruptor x2  
  156  10:27  Zergling x6  
  149  11:31  Mutalisk x4  
  149  11:32  Mutalisk x6  
  169  11:33  Overlord  
  169  11:34  Overlord x2  
  119  12:28  Mutalisk  
  119  12:29  Mutalisk x11  
  97  12:33  Zergling x10  
  97  12:34  Zergling x8  
  106  12:40  Spore Crawler  
  101  12:46  Spore Crawler  
  101  12:50  Spore Crawler  
  92  12:51  Spore Crawler  
  60  13:13  Lair  
  60  13:14  Spore Crawler  
  60  13:18  Spore Crawler  
  60  13:19  Spore Crawler  
  23  14:15  Hydralisk Den  
Show
View Real Time Build Order
Export as new Build Order

Myran Protoss - Winner!

Build Orders:  

Get SALT Encoding   

  12  0:01  Probe (Chrono Boost)  
  13  0:11  Probe (Chrono Boost)  
  14  0:20  Pylon  
  14  0:23  Probe (Chrono Boost)  
  15  0:38  Probe (Chrono Boost)  
  16  0:49  Gateway, Probe (Chrono Boost)  
  17  0:59  Probe (Chrono Boost)  
  18  1:05  Pylon  
  18  1:10  Probe (Chrono Boost)  
  19  1:23  Probe (Chrono Boost)  
  20  1:26  Forge  
  20  1:34  Probe (Chrono Boost)  
  21  1:41  Zealot  
  21  1:45  Probe (Chrono Boost)  
  24  1:58  Probe (Chrono Boost)  
  25  2:01  Cybernetics Core  
  25  2:03  Pylon  
  25  2:09  Photon Cannon  
  25  2:16  Probe (Chrono Boost)  
  25  2:18  Zealot  
  25  2:19  Photon Cannon  
  25  2:21  Pylon  
  28  2:28  Probe (Chrono Boost)  
  28  2:29  Gateway  
  29  2:39  Probe (Chrono Boost)  
  30  2:45  Pylon  
  30  2:49  Probe (Chrono Boost)  
  31  2:52  Zealot  
  31  2:55  Assimilator  
  33  3:00  Probe (Chrono Boost)  
  33  3:01  Assimilator  
  34  3:15  Nexus  
  34  3:29  Pylon  
  34  3:32  Zealot x2  
  38  3:38  Warp Gate  
  39  3:49  Probe (Chrono Boost)  
  39  4:01  Probe (Chrono Boost)  
  40  4:11  Photon Cannon  
  40  4:13  Probe (Chrono Boost)  
  41  4:19  Photon Cannon  
  41  4:24  Stalker  
  41  4:25  Stalker  
  45  4:48  Probe (Chrono Boost)  
  45  4:49  Photon Cannon  
  45  4:51  Probe (Chrono Boost)  
  47  5:02  Probe (Chrono Boost)  
  47  5:06  Assimilator  
  49  5:08  Stalker, Probe (Chrono Boost)  
  49  5:11  Stalker  
  49  5:12  Assimilator, Probe (Chrono Boost)  
  54  5:16  Pylon  
  54  5:18  Pylon  
  54  5:20  Probe (Chrono Boost)  
  55  5:32  Protoss Ground Weapons Level 1, Twilight Council  
  55  5:35  Probe (Chrono Boost)  
  57  5:36  Probe (Chrono Boost)  
  61  5:46  Probe (Chrono Boost)  
  58  5:59  Gateway x2  
  58  6:03  Probe x2 (Chrono Boost)  
  58  6:04  Charge  
  60  6:13  Nexus  
  60  6:14  Probe (Chrono Boost)  
  61  6:21  Probe (Chrono Boost)  
  61  6:24  Probe (Chrono Boost)  
  63  6:31  Forge  
  63  6:35  Probe (Chrono Boost)  
  64  6:45  Probe (Chrono Boost)  
  65  6:49  Stalker x2  
  69  6:56  Photon Cannon  
  69  7:05  Photon Cannon  
  69  7:07  Pylon  
  69  7:08  Stalker x2  
  73  7:13  Probe (Chrono Boost)  
  74  7:25  Probe (Chrono Boost)  
  74  7:29  Protoss Ground Weapons Level 2  
  75  7:31  Pylon  
  75  7:33  Stalker, Protoss Ground Armor Level 1  
  75  7:34  Stalker x2  
  75  7:35  Stalker, Pylon, Blink  
  84  7:37  Probe (Chrono Boost)  
  84  7:43  Pylon  
  84  7:59  Photon Cannon  
  84  8:04  Photon Cannon  
  84  8:05  Probe (Chrono Boost)  
  85  8:07  Assimilator  
  85  8:11  Pylon  
  85  8:13  Assimilator  
  85  8:15  Probe (Chrono Boost)  
  85  8:18  Probe (Chrono Boost)  
  87  8:26  Probe (Chrono Boost)  
  88  8:29  Probe (Chrono Boost)  
  88  8:31  Protoss Air Weapons Level 1  
  89  8:41  Photon Cannon  
  89  8:48  Stargate x2  
  89  8:57  Stalker x3  
  89  8:58  Stalker  
  89  9:01  Nexus  
  97  9:27  Protoss Ground Armor Level 2  
  97  9:32  Phoenix x2  
  97  9:35  Stalker x2  
  97  9:37  Stalker x2  
  109  9:46  Protoss Ground Weapons Level 3  
  109  9:57  Phoenix x2  
  113  10:06  Probe (Chrono Boost)  
  114  10:10  Protoss Air Armor Level 1  
  115  10:14  Probe (Chrono Boost)  
  115  10:16  Probe (Chrono Boost)  
  116  10:22  Phoenix x2  
  116  10:25  Probe (Chrono Boost)  
  116  10:27  Probe (Chrono Boost), Fleet Beacon  
  122  10:30  Pylon  
  122  10:33  Pylon  
  122  10:35  Probe (Chrono Boost)  
  123  10:38  Stalker x2, Pylon, Probe (Chrono Boost)  
  123  10:39  Stalker x2  
  127  10:46  Probe (Chrono Boost)  
  127  10:48  Probe (Chrono Boost)  
  123  10:56  Probe (Chrono Boost)  
  124  10:59  Probe (Chrono Boost)  
  124  11:02  Photon Cannon  
  124  11:03  Photon Cannon  
  125  11:05  Photon Cannon  
  125  11:09  Probe (Chrono Boost)  
  126  11:13  Anion Pulse-Crystals  
  126  11:20  Phoenix x2, Probe (Chrono Boost)  
  131  11:30  Stalker x4, Probe (Chrono Boost)  
  140  11:44  Phoenix, Protoss Shields Level 1  
  142  11:49  Phoenix  
  142  11:53  Probe (Chrono Boost)  
  145  12:03  Probe (Chrono Boost)  
  146  12:09  Phoenix  
  146  12:14  Phoenix, Probe (Chrono Boost)  
  151  12:24  Probe (Chrono Boost)  
  152  12:34  Phoenix  
  152  12:35  Probe (Chrono Boost)  
  155  12:39  Phoenix  
  157  13:04  Stalker x2  
  157  13:05  Stalker x2  
Tags
 
Add a new tag
Caveats
  • Supply blocks, unpowered buildings, or Contaminate may cause inaccurate times.
  • Supply counts are checked every 10 seconds.